 Dungeon Crawl Stone Soup version 0.26.0-10-g1f06aea511 (console) character file.

Game seed: 5079385438477958414

8022 Garrluk the Fencer (level 11, -4/101 HPs)
             Began as a Minotaur Berserker on Jan 14, 2021.
             Was an Elder of Trog.
             Slain by a two-headed ogre
             ... wielding a cursed -2 giant club
              (17 damage)
             ... on level 1 of the Orcish Mines.
             The game lasted 00:23:44 (2797 turns).

Garrluk the Fencer (Minotaur Berserker)             Turns: 2797, Time: 00:23:45

Health: -4/101     AC: 15    Str: 30    XL:     11   Next: 4%
Magic:  10/10      EV:  8    Int:  4    God:    Trog [****..]
Gold:   424        SH:  4    Dex: 11    Spells: 10/10 levels left

rFire    . . .     SeeInvis +   g - +2 scimitar
rCold    . . .     Faith    .   d - +0 buckler
rNeg     . . .     Spirit   .   K - +0 plate armour
rPois    .         Reflect  .   z - +2 hat "Nuwkuwne" {-Cast Str+6}
rElec    .         Harm     .   H - +0 cloak
rCorr    .         Rampage  .   (no gloves)
Will     ++...     NoCast   +   (no boots)
Stlth    ..........             (no amulet)
HPRegen  1.26/turn              j - ring of stealth
MPRegen  0.12/turn              i - ring of see invisible

@: berserk cooldown, regenerating, slowed, very slow
A: retaliatory headbutt, horns 2
a: Renounce Religion, Berserk, Trog's Hand, Brothers in Arms


You were on level 1 of the Orcish Mines.
You worshipped Trog.
Trog was greatly pleased with you.
You visited 2 branches of the dungeon, and saw 11 of its levels.

You collected 424 gold pieces.

Inventory:

Hand Weapons
 g - a +2 scimitar (weapon)
 o - a +2 whip of electrocution
Missiles
 v - 124 stones
 J - 7 boomerangs
Armour
 d - a +0 buckler (worn)
 u - a +0 tower shield of reflection
 z - the +2 hat "Nuwkuwne" (worn) {-Cast Str+6}
   (You found it on level 8 of the Dungeon)

   It affects your strength (+6).
   It prevents spellcasting.
 F - a +0 kite shield
 H - a +0 cloak (worn)
 K - a +0 plate armour (worn)
Jewellery
 i - a ring of see invisible (right hand)
 j - a ring of stealth (left hand)
 I - an uncursed ring of fire
Wands
 a - a wand of disintegration (11)
 b - a wand of random effects (32)
 f - a wand of iceblast (13)
 q - a wand of digging (5)
 s - a wand of paralysis (11)
 B - a wand of flame (14)
 N - a wand of acid (9)
Scrolls
 c - 2 scrolls of identify {unknown}
 e - 2 scrolls of teleportation {unknown}
 h - 2 scrolls of immolation {unknown}
 l - 2 scrolls of random uselessness {unknown}
 p - a scroll of blinking {unknown}
 r - 2 scrolls of remove curse {unknown}
 w - a scroll of fear {unknown}
 x - a scroll of enchant weapon {unknown}
 C - a scroll of vulnerability {unknown}
 D - a scroll of fog {unknown}
 E - a scroll of silence {unknown}
 M - a scroll of magic mapping {unknown}
Potions
 k - 2 potions of might {unknown}
 m - 4 potions of attraction {unknown}
 n - 3 potions of degeneration {unknown}
 t - a potion of resistance {unknown}
 G - a potion of brilliance {unknown}
 L - a potion of haste {unknown}
Miscellaneous
 A - a lightning rod (4/4)


   Skills:
 + Level 10.5 Fighting
 * Level 15.7 Long Blades
 + Level 4.7 Armour
 - Level 2.1 Dodging
 - Level 4.0 Shields
 + Level 2.5 Evocations


You had 10 spell levels left.
You didn't know any spells.
Your spell library was empty.

Dungeon Overview and Level Annotations

Branches:
Dungeon (10/15)            Temple (0/1) D:6            Lair (0/6) D:8
    Orc (1/2) D:10

Altars:
Cheibriados
Dithmenos
Elyvilon
Kikubaaqudgha
Okawaru


Innate Abilities, Weirdness & Mutations

You reflexively headbutt those who attack you in melee.
You have a pair of horns on your head.


Message History

The two-headed ogre hits you with a cursed -2 giant club.
The two-headed ogre hits you but does no damage.
You hit the two-headed ogre.
The two-headed ogre is heavily wounded.
The two-headed ogre hits you with a cursed -2 giant club!!
* * * LOW HITPOINT WARNING * * *
The two-headed ogre hits you with a +0 giant spiked club!
* * * LOW HITPOINT WARNING * * *
Your skin crawls.
You feel strong-willed. The two-headed ogre closely misses you.
The two-headed ogre barely misses you. The two-headed ogre barely misses you.
You furiously retaliate!
You headbutt the two-headed ogre.
You riposte.
You hit the two-headed ogre. You headbutt the two-headed ogre.
The two-headed ogre is severely wounded.
The two-headed ogre barely misses you.
Found 18 gold pieces.
The two-headed ogre hits you with a cursed -2 giant club!
* * * LOW HITPOINT WARNING * * *
The two-headed ogre hits you with a +0 giant spiked club!
You die...

..............#.. .
...............##..
...........#.......
.(....................
......................
.....(................
#...><[.)..........
##...))).#......#.#
#....†)).........#..
#.................$.
#....#......O@.......
##..#$...............
#...#...........#...
.......#.......$.# .
#...........#......#
##..................#
##.##.#.#...........#
## ..$###..........#


You could see a two-headed ogre.

Vanquished Creatures
  Erolcha (D:9)
  A two-headed ogre (D:8)
  Pikel (D:5)
  An elephant (D:8)
  2 trolls
  A hornet (D:9)
  6 yaks
  A wyvern (D:9)
  A basilisk (D:8)
  Grum (D:10)
  A warg (D:10)
  5 orc warriors
  2 ice beasts
  A black bear (D:8)
  A necrophage (D:5)
  5 ogres
  2 phantoms
  4 wolves (D:10)
  2 centaurs
  A big kobold (D:9)
  2 lemures (D:5)
  5 bullfrogs
  A scorpion (D:7)
  5 killer bees (D:8)
  8 wights
  4 hounds
  2 quasits (D:8)
  An orc priest (D:9)
  A centaur skeleton (D:5)
  An iguana (D:8)
  A bullfrog skeleton (D:9)
  11 orc wizards
  6 worker ants
  Ijyb (D:5)
  A hound skeleton (D:8)
  A worker ant zombie (D:6)
  A howler monkey zombie (D:5)
  5 adders
  3 gnolls (D:6)
  A shadow imp (D:5)
  2 white imps
  An ufetubus (D:6)
  An ooze (D:5)
  An adder zombie (D:9)
  An adder skeleton (D:6)
  2 worms
  A leopard gecko (D:8)
  24 orcs
  A bat (D:3)
  2 giant cockroaches
  A goblin (D:3)
  2 hobgoblins (D:3)
  5 kobolds
  A quokka (D:3)
  2 frilled lizards
  A rat (D:2)
  A butterfly (D:6)
150 creatures vanquished.

Vanquished Creatures (others)
  A plant (D:8)
1 creature vanquished.

Grand Total: 151 creatures vanquished

Notes
Turn   | Place    | Note
-------+----------+-------------------------------------------
     0 | D:1      | Garrluk the Minotaur Berserker began the quest for the Orb.
     0 | D:1      | Reached XP level 1. HP: 19/19 MP: 0/0
    73 | D:2      | Reached skill level 4 in Long Blades
    73 | D:2      | Reached XP level 2. HP: 26/26 MP: 1/1
   351 | D:5      | Entered Level 5 of the Dungeon
   360 | D:5      | Reached skill level 5 in Long Blades
   360 | D:5      | Reached skill level 1 in Shields
   360 | D:5      | Reached XP level 3. HP: 30/31 MP: 2/2
   442 | D:5      | HP: 1/31 [worker ant (1)]
   446 | D:5      | Reached XP level 4. HP: 21/39 MP: 3/3
   492 | D:5      | Noticed a necrophage
   495 | D:5      | Killed a necrophage
   496 | D:5      | Reached skill level 6 in Long Blades
   496 | D:5      | Reached XP level 5. HP: 12/45 MP: 4/4
   600 | D:5      | Noticed Ijyb
   611 | D:5      | Killed Ijyb
   618 | D:5      | Noticed a lemure
   618 | D:5      | Noticed a lemure
   618 | D:5      | Noticed a lemure
   627 | D:5      | Killed a lemure
   633 | D:5      | Killed a lemure
   635 | D:5      | Noticed Pikel
   638 | D:5      | Noticed a lemure
   647 | D:5      | Killed Pikel
   648 | D:5      | Reached skill level 9 in Long Blades
   648 | D:5      | Reached XP level 6. HP: 22/51 MP: 5/5
   648 | D:5      | Reached XP level 7. HP: 24/57 MP: 6/6
   759 | D:6      | Reached ** piety under Trog
   811 | D:6      | Found a staircase to the Ecumenical Temple.
   972 | D:6      | Reached skill level 10 in Long Blades
  1025 | D:6      | Reached XP level 8. HP: 25/67 MP: 7/7
  1028 | D:6      | Reached skill level 5 in Fighting
  1157 | D:6      | Reached skill level 11 in Long Blades
  1332 | D:8      | Got a faintly glowing hat
  1348 | D:8      | Identified the +2 hat "Nuwkuwne" {-Cast Str+6} (You found
                  | it on level 8 of the Dungeon)
  1486 | D:8      | Reached skill level 12 in Long Blades
  1521 | D:8      | Reached XP level 9. HP: 42/78 MP: 8/8
  1616 | D:8      | Noticed a two-headed ogre
  1624 | D:8      | Killed a two-headed ogre
  1625 | D:8      | Reached skill level 13 in Long Blades
  1659 | D:8      | Found an ancient bone altar of Kikubaaqudgha.
  1664 | D:8      | Found an iron altar of Okawaru.
  1800 | D:8      | Found a staircase to the Lair.
  1801 | D:8      | Noticed an elephant
  1821 | D:8      | Killed an elephant
  1883 | D:9      | Reached skill level 14 in Long Blades
  1955 | D:9      | Noticed Erolcha
  1963 | D:9      | Killed Erolcha
  1964 | D:9      | Reached XP level 10. HP: 91/91 MP: 9/9
  2066 | D:9      | Found a white marble altar of Elyvilon.
  2090 | D:9      | Reached *** piety under Trog
  2209 | D:9      | Reached skill level 15 in Long Blades
  2251 | D:9      | Found a snail-covered altar of Cheibriados.
  2352 | D:9      | Found a shadowy altar of Dithmenos.
  2391 | D:10     | Entered Level 10 of the Dungeon
  2391 | D:10     | Found a staircase to the Orcish Mines.
  2402 | D:10     | Reached skill level 10 in Fighting
  2406 | Orc:1    | Entered Level 1 of the Orcish Mines
  2460 | D:10     | Reached skill level 1 in Evocations
  2586 | D:10     | Noticed Grum
  2599 | D:10     | Killed Grum
  2663 | D:10     | Reached **** piety under Trog
  2750 | Orc:1    | Reached XP level 11. HP: 101/101 MP: 10/10
  2751 | Orc:1    | Noticed a two-headed ogre
  2797 | Orc:1    | Slain by a two-headed ogre

Illustrated notes

Levels and vault maps discovered:
D:1:      dpeg_arrival_solitude, layout_basic
D:2:      layout_basic, gammafunk_temple_overflow_pools, grunt_ministairs_14
D:3:      layout_rooms, minmay_misc_feat_plants, st_stairs_14,
          minmay_misc_feat_more_columns, kennysheep_donut, grunt_ministairs_3,
          skrybe_limestone_x, minmay_joined_circles
D:4:      lemuel_castle_with_subvaults [lemuel_castle_interior_carwin_2],
          layout_loops_ring, gammafunk_ghost_arena, corner_web_ring,
          grunt_ministairs_5, kennysheep_generic_room_14, uniq_sigmund
D:5:      layout_loops_corners, serial_bayou_ford_a, hex_tiny, uniq_ijyb,
          uniq_pikel
D:6:      layout_loops_ring, minmay_temple_entry_butterflies, serial_shops,
          nicolae_shop_stone
D:7:      layout_rooms, kennysheep_mini
D:8:      layout_cave_pods, grunt_temple_overflow_open, david_lair_generic
D:9:      layout_loops_ring, elyvilon_altar_3, basic_altar, st_stairs_9,
          amcnicky_altar_gilded, uniq_erolcha
D:10:     layout_roguey, orc_0_dummy, grunt_livestock, uniq_grum
Orc:1:    layout_caves

Skill      XL: |  1  2  3  4  5  6  7  8  9 10 |
---------------+-------------------------------+-----
Long Blades    | 4 5 6 9 10 12 14 15 | 15.7
Shields        | 1 2 4 |  4.0
Fighting       | 4 6 9 10 | 10.5
Armour         | 4 |  4.7
Evocations     | 2 |  2.5
Dodging        | |  2.1

Action                   |  1- 3 |  4- 6 |  7- 9 | 10-12 || total
-------------------------+-------+-------+-------+-------++-------
Melee: Falchion          |    33 |    33 |   123 |       ||   189
       Headbutt          |    11 |     7 |    46 |    48 ||   112
       Long sword        |       |       |    67 |   123 ||   190
       Scimitar          |       |       |       |    69 ||    69
Throw: Dart              |       |       |       |     2 ||     2
Invok: Berserk           |     1 |     2 |     7 |     2 ||    12
       Trog's Hand       |       |       |     6 |     4 ||    10
Evoke: Wand              |       |     3 |       |       ||     3
  Use: Potion            |     1 |       |       |       ||     1
 Stab: Sleeping          |     1 |     1 |     2 |     1 ||     5
Armor: Leather armour    |     4 |       |       |       ||     4
       Ring mail         |     2 |     6 |    34 |    24 ||    66
       Plate armour      |       |       |       |    25 ||    25
Dodge: Dodged            |    21 |    11 |    93 |    67 ||   192
Block: Buckler           |     1 |     2 |    31 |    32 ||    66
       Rpst.: Falchion   |     6 |     4 |    20 |       ||    30
       Long sword        |       |       |    11 |    10 ||    21
       Scimitar          |       |       |       |     5 ||     5
